 Dungeon Crawl Stone Soup version 0.28.0 (webtiles) character file.

Game seed: 11787726821358739774

35 egresovca the Conjurer (level 3, -9/24 HPs)
             Began as a Demonspawn Conjurer on Feb 15, 2022.
             Mangled by a hobgoblin (10 damage)
             ... on level 2 of the Dungeon.
             The game lasted 00:02:12 (1304 turns).

egresovca the Conjurer (Demonspawn Conjurer)        Turns: 1304, Time: 00:02:13

Health: -9/24      AC:  2    Str:  7    XL:     3   Next: 17%
Magic:  4/6        EV: 12    Int: 21    God:
Gold:   98         SH:  0    Dex: 11    Spells: 3/6 levels left

rFire   . . .      SeeInvis .   g - +1 spear (vorpal)
rCold   . . .      Faith    .   (no shield)
rNeg    . . .      Spirit   .   a - +0 robe
rPois   .          Reflect  .   (no helmet)
rElec   .          Harm     .   (no cloak)
rCorr   .          Rampage  .   (no gloves)
Will    .....                   (no boots)
Stlth   ++........              (no amulet)
HPRegen 0.08/turn               (no ring)
MPRegen 0.10/turn               (no ring)

@: no status effects
A: sturdy frame 1
a: no special abilities


You were on level 2 of the Dungeon.
You visited 1 branch of the dungeon, and saw 2 of its levels.

You collected 98 gold pieces.

Inventory:

Hand Weapons
 g - a +1 vorpal spear (weapon)
Armour
 a - a +0 robe (worn)
Scrolls
 c - a scroll of identify {unknown}
 e - a scroll of vulnerability {unknown}
 f - a scroll of teleportation {unknown}
Potions
 b - a potion of curing {unknown}
 d - a potion of might {unknown}


   Skills:
 - Level 1.7 Dodging
 - Level 1.7 Stealth
 + Level 2.2 Spellcasting
 + Level 5.0 Conjurations


You had 3 spell levels left.
You knew the following spells:

 Your Spells              Type           Power      Damage    Failure   Level
a - Magic Dart            Conj           92%        1d7       1%          1
b - Searing Ray           Conj           46%        2d6       2%          2

Your spell library contained the following spells:

 Spells                   Type           Power      Damage    Failure   Level
 Dazzling Flash           Conj/Hex       24%        N/A       16%         3
 Fulminant Prism          Conj/Hex       6%         3d7       45%         4
 Iskenderun's Mystic Bla  Conj/Tloc      12%        2d5       45%         4


Dungeon Overview and Level Annotations

Branches:
Dungeon (2/15)

Altars:

Shops:
D:1 [


Innate Abilities, Weirdness & Mutations

Your movements are slightly less encumbered by armour. (ER -2)


Message History

You see here a +0 ring mail.
Found 27 arrows.
You now have 98 gold pieces (gained 11).
You see here 27 arrows.
Found 15 stones.
A ball python comes into view.
A ball python is nearby!
A ball python is nearby!
A ball python is nearby!
You reach to attack!
You closely miss the ball python. You hit the ball python.
You kill the ball python!
No target in view!
Found a ring mail.
A hobgoblin comes into view. It is wielding a +1 mace of holy wrath.
The hobgoblin shouts!
A hobgoblin is nearby!
You reach to attack!
You hit the hobgoblin but do no damage. You barely miss the hobgoblin.
Your punch misses the hobgoblin. The hobgoblin misses you.
The hobgoblin closely misses you.
You hit the hobgoblin.
The hobgoblin is heavily wounded.
The hobgoblin barely misses you.
You hit the hobgoblin but do no damage.
The hobgoblin is heavily wounded.
An adder comes into view.
The hobgoblin hits you with a +1 mace of holy wrath!
You convulse!
You are too injured to fight recklessly!
You are too injured to fight recklessly!
Aiming: Searing Ray (safe; 2% risk of failure)
Press: ? - help, Q - select action, (/) - cycle Shift-Dir - straight line, f/p - hobgoblin
Aim: a hobgoblin, wielding a +1 mace of holy wrath and wearing a +0 plate armour (heavily wounded, 87% to hit)
The searing ray hits the hobgoblin but does no damage.
The hobgoblin is heavily wounded. (Press . to maintain the ray.)
The hobgoblin hits you with a +1 mace of holy wrath!
* * * LOW HITPOINT WARNING * * *
You convulse!
You die...

####
###.###...##..
#... ### #.#.###.
#... ...#
#.#.###. #...#
#...# #.#.#.....
#[...##....##
##.#..####.
#............
....#.####.
.##.....#
..<....#...
........#####
..........##
....##S..g@.#
#........... ...
######.#
#...#.#.#)## .
#.####...#.#.....
#....#..##..)#.#.
####....###.<....
#..#.####....#
##............# #
#..##.####.#...
#.
##.###..###.#...


You could see an adder and a hobgoblin.

Vanquished Creatures
  A dart slug (D:1)
  6 ball pythons
  5 bats
  An endoplasm (D:1)
  A giant cockroach (D:1)
  A goblin (D:2)
  2 hobgoblins
  2 jackals (D:1)
  3 kobolds
  2 quokkas (D:1)
  A frilled lizard (D:1)
  4 rats
29 creatures vanquished.

Notes
Turn   | Place    | Note
-------+----------+-------------------------------------------
     0 | D:1      | egresovca the Demonspawn Conjurer began the quest for the
                  | Orb.
     0 | D:1      | Reached XP level 1. HP: 13/13 MP: 3/3
   195 | D:1      | Gained mutation: Your movements are slightly less
                  | encumbered by armour. (ER -2) [demonic ancestry]
   195 | D:1      | Reached XP level 2. HP: 19/19 MP: 0/5
   302 | D:1      | Learned a level 2 spell: Searing Ray
   705 | D:1      | Noticed a shining eye
   707 | D:1      | Found a faded altar of an unknown god.
   709 | D:1      | Noticed a floating eye
   709 | D:1      | Noticed an eye of devastation
   709 | D:1      | Noticed a floating eye
   717 | D:1      | Found Diorr's Antique Armour Emporium.
  1143 | D:2      | Reached XP level 3. HP: 21/24 MP: 6/6
  1248 | D:2      | Reached skill level 5 in Conjurations
  1304 | D:2      | HP: 1/24 [hobgoblin (7)]
  1304 | D:2      | Mangled by a hobgoblin

Illustrated notes

Levels and vault maps discovered:
D:1:      amcnicky_arrival_choice, layout_rooms, serial_shops,
          nicolae_shop_stone, hellmonk_ecumenical_altar_watching_god
D:2:      layout_rooms

Skill      XL: |  1  2  3 |
---------------+----------+-----
Conjurations   | 5 |  5.0
Dodging        | |  1.7
Stealth        | |  1.7
Spellcasting   | |  2.2

Action                   || total
-------------------------++-------
Melee: Unarmed           ||    19
       Spear             ||    25
 Cast: Magic Dart        ||    22
       Searing Ray       ||     8
 Stab: Sleeping          ||     1
Armor: Robe              ||     4
Dodge: Dodged            ||    34
